 Dungeon Sprint DCSS version 0.27.1 (webtiles) character file.

Game seed: 3457570449442709566

3938 styxcanada the Imperceptible (level 10, -4/53 HPs)
             Began as a Spriggan Brigand on Aug 29, 2021.
             Was an Initiate of Gozag.
             Killed from afar by an oklob plant shifter (5 damage)
             ... with a splash of acid
             ... in the Dungeon (Sprint IV: "Fedhas' Mad Dash").
             The game lasted 00:09:31 (989 turns).

styxcanada the Imperceptible (Spriggan Brigand)      Turns: 989, Time: 00:09:32

Health: -4/53      AC:  5    Str: 14    XL:     10   Next: 1%
Magic:  9/11       EV: 24    Int: 14    God:    Gozag
Gold:   1146       SH:  7    Dex: 19    Spells: 9/9 levels left

rFire    + . .     SeeInvis +   p - +1 dagger (flame)
rCold    + . .     Faith    .   o - +0 buckler
rNeg     + . .     Spirit   .   s - +2 robe {rC+}
rPois    .         Reflect  .   (helmet restricted)
rElec    .         Harm     .   c - +0 cloak
rCorr    .         Rampage  .   (gloves unavailable)
Will     +....     NoTele   +   (boots unavailable)
Stlth    +++.......             l - amulet of invisibility {+Inv}
HPRegen  0.17/turn              r - ring "Ditiun" {Fly rF+ rN+ Str+7 Stlth-}
MPRegen  0.12/turn              (no ring)

@: gold aura, flying, contaminated, glowing, invisible (but backlit and
visible), very quick
A: very small, no large weapons, unfitting armour, see invisible, speed 3
a: Renounce Religion, Evoke Invisibility, Potion Petition, Call Merchant, Bribe
Branch


You were in the Dungeon.
You worshipped Gozag.
Gozag was most pleased with you.
You visited 1 branch You collected 1664 gold pieces.
You spent 518 gold pieces at shops.

Inventory:

Hand Weapons
 a - a +2 dagger
 b - a +2 rapier of draining
 p - a +1 dagger of flaming (weapon)
Missiles
 d - 8 poisoned darts (quivered)
 e - 2 curare-tipped darts
Armour
 c - a +0 cloak (worn)
 o - a +0 buckler (worn)
 s - a +2 robe of cold resistance (worn)
 t - the +0 robe of the Camelopard {rPois}
   (You bought it in a shop in the Dungeon)

   rPois:     It protects you from poison.
Jewellery
 l - the amulet of invisibility (around neck) {+Inv}
   (You found it in the Dungeon)

   [amulet of nothing]

   +Inv:      It lets you turn invisible.
 n - a ring of flight
 r - the ring "Ditiun" (left hand) {Fly rF+ rN+ Str+7 Stlth-}
   (You found it in the Dungeon)

   [ring of positive energy]

   Str:       It affects your strength (+7).
   rF:        It protects you from fire.
   rN:        It protects you from negative energy.
   Fly:       It grants you flight.
   Stlth:     It makes you less stealthy.
Scrolls
 k - a scroll of blinking
Potions
 f - a potion of curing
 g - a potion of heal wounds
 h - a potion of haste
 i - 2 potions of magic
 j - 2 potions of berserk rage
Miscellaneous
 q - a lightning rod (4/4)


   Skills:
 * Level 6.7 Fighting
 + Level 6.0 Short Blades
 + Level 4.6 Throwing
 * Level 10.2 Dodging
 * Level 22.8 Stealth
 * Level 3.3 Shields
 * Level 12.5 Evocations


You had 9 spell levels left.
You didn't know any spells.
Your spell library contained the following spells:

 Spells                   Type           Power      Damage    Failure   Level
 Apportation              Tloc           0%         N/A       36%         1
 Alistair's Intoxication  Tmut/Pois      0%         N/A       100%        5
 Invisibility             Hex            0%         N/A       100%        6


Dungeon Overview and Level Annotations

Branches:
Dungeon (1/1)

Altars:
Cheibriados
Dithmenos
Elyvilon
Gozag
Hepliaklqana
Kikubaaqudgha
Makhleb
Nemelex Xobeh
Okawaru
Qazlal
Ru
Sif Muna
Trog
Uskayaw
Vehumet
Wu Jian
Xom
Yredelemnul
Zin
The Shining One
Beogh
Jiyva
Lugonu

Shops:
D (*[!

Annotations:
D exclusion: 2 oklob plants


Innate Abilities, Weirdness & Mutations

You are very small and have problems with some larger weapons.
You are too small for most types of armour.
You have supernaturally acute eyesight. (SInv)
You cover ground extremely quickly. (Speed+++)


Message History

2 oklob plants come into view.
Marking area around 2 oklob plants as unsafe for travelling.
Found 14 gold pieces and a scroll labelled TIM GUECHAAK.
An oklob plant shifter comes into view.
Found 12 gold pieces and an emerald potion.
Marking area around an oklob plant as unsafe for travelling.
There is an open door here.
You flicker back into view.
The oklob plant shifter spits acid at you.
The splash of acid hits you!
You are splashed with acid!
The helpless oklob plant fails to defend itself.
You stick the oklob plant like a pincushion!!!!!
You burn the oklob plant!
You destroy the oklob plant!
Your Short Blades skill increases to level 6!
You have reached level 10!
You feel clever.
You fade into invisibility!
You are lightly contaminated with residual magic.
The oklob plant shifter spits acid at you.
The splash of acid misses you.
The oklob plant summoner is distracted by your dazzling golden aura.
You hit the oklob plant summoner but do no damage.
The oklob plant summoner is no longer distracted by gold.
You are contaminated with residual magic.
You hit the oklob plant summoner but do no damage.
You hit the oklob plant summoner but do no damage.
The oklob plant summoner is distracted by your dazzling golden aura.
You hit the oklob plant summoner but do no damage.
The oklob plant summoner is no longer distracted by gold.
The oklob plant shifter spits acid at you.
The splash of acid hits you!
* * * LOW HITPOINT WARNING * * *
You are splashed with acid!
* * * LOW HITPOINT WARNING * * *
The oklob plant summoner casts a spell.
The oklob plant shifter spits acid at you.
The splash of acid hits you.
You die...
Your body crumbles into a pile of gold.

############################
⌠._._._._.⌠.#..'.)[#....##∩#
._._._._._..'..#...#....').#
.._._._._...#..###'##..[##∩#$$
._._._._._..#..##∩∩.[...####
_._._._._.⌠.#############
#################..$.?!#
♣♣♣♣..♣.###.'.)'@..5.$$+
....♣..♣##..#..#.P....P#
.♣♣♣.♣).###.##+##.P.P..#
♣..♣...♣'...# ########
#############


You could see an oklob plant shifter, an oklob plant summoner and a white imp
(summoned).

Vanquished Creatures
  A spriggan druid (D)
  4 oklob plants (D)
  3 burning bushes (D)
  A queen bee (D)
  3 wandering mushrooms (D)
  3 scorpions (D)
  4 killer bees (D)
  5 oklob saplings (D)
  2 spriggans (D)
  A river rat (D)
  A rat (D)
  A ballistomycete spore (D)
29 creatures vanquished.

Vanquished Creatures (others)
  A fungus (D)
1 creature vanquished.

Grand Total: 30 creatures vanquished

Notes
Turn   | Place    | Note
-------+----------+-------------------------------------------
     0 | D        | styxcanada the Spriggan Brigand began the quest for the
                  | Orb.
     0 | D        | Reached XP level 1. HP: 10/10 MP: 2/2
    17 | D        | Reached skill level 7 in Stealth
    17 | D        | Reached XP level 2. HP: 15/15 MP: 3/3
    19 | D        | Reached skill level 8 in Stealth
    36 | D        | Noticed an oklob sapling
    38 | D        | Killed an oklob sapling
    39 | D        | Reached skill level 9 in Stealth
    39 | D        | Reached XP level 3. HP: 18/18 MP: 4/4
    40 | D        | Noticed a scorpion
    40 | D        | Found the amulet of invisibility {+Inv}
    42 | D        | Killed a scorpion
    43 | D        | Reached skill level 12 in Stealth
    43 | D        | Reached XP level 4. HP: 23/23 MP: 5/5
    66 | D        | Found an opulent altar of Gozag.
    66 | D        | Found a hazy altar of Hepliaklqana.
    66 | D        | Found a burning altar of Makhleb.
    66 | D        | Found a sparkling altar of Nemelex Xobeh.
    66 | D        | Found a sacrificial altar of Ru.
    66 | D        | Found a shimmering blue altar of Sif Muna.
    66 | D        | Found an ornate altar of the Wu Jian Council.
    66 | D        | Found a shimmering altar of Xom.
    66 | D        | Found a basalt altar of Yredelemnul.
    67 | D        | Found a viscous altar of Jiyva.
    67 | D        | Found a snail-covered altar of Cheibriados.
    67 | D        | Found a bloodstained altar of Trog.
    68 | D        | Found an iron altar of Okawaru.
    68 | D        | Found a shadowy altar of Dithmenos.
    68 | D        | Found a glowing silver altar of Zin.
    69 | D        | Found an ancient bone altar of Kikubaaqudgha.
    69 | D        | Found a hide-covered altar of Uskayaw.
    70 | D        | Found a stormy altar of Qazlal.
    70 | D        | Found a white marble altar of Elyvilon.
    70 | D        | Found a glowing golden altar of the Shining One.
    71 | D        | Became a worshipper of Gozag Ym Sagoz the Greedy
    72 | D        | Found a corrupted altar of Lugonu.
    72 | D        | Found a radiant altar of Vehumet.
    76 | D        | Reached skill level 13 in Stealth
    76 | D        | Reached XP level 5. HP: 28/28 MP: 3/6
   145 | D        | Reached skill level 14 in Stealth
   146 | D        | Reached skill level 5 in Dodging
   146 | D        | Reached skill level 15 in Stealth
   148 | D        | Reached XP level 6. HP: 33/33 MP: 4/7
   176 | D        | Found Gockuqo's General Store.
   176 | D        | Found Xasch's Weapon Emporium.
   183 | D        | Bought a lightning rod (4/4) for 300 gold pieces
   215 | D        | Noticed a burning bush
   215 | D        | Noticed a wandering mushroom
   216 | D        | Noticed a wandering mushroom
   514 | D        | Killed a wandering mushroom
   515 | D        | Reached skill level 16 in Stealth
   515 | D        | Reached skill level 5 in Evocations
   526 | D        | Killed a wandering mushroom
   527 | D        | Reached skill level 17 in Stealth
   527 | D        | Reached XP level 7. HP: 38/38 MP: 6/8
   530 | D        | Killed a burning bush
   531 | D        | Reached skill level 18 in Stealth
   549 | D        | Found Lutent's Distillery.
   549 | D        | Found Galaur's Antique Armour Shoppe.
   552 | D        | Identified the ring "Ditiun" {Fly rF+ rN+ Str+7 Stlth-}
   556 | D        | Bought a glowing robe for 62 gold pieces
   556 | D        | Bought a sheer robe for 96 gold pieces
   556 | D        | Identified the +0 robe of the Camelopard {rPois} (You
                  | bought it in a shop in the Dungeon)
   558 | D        | Bought a potion of berserk rage for 60 gold pieces
   655 | D        | Reached skill level 5 in Fighting
   661 | D        | Noticed a queen bee
   668 | D        | Killed a queen bee
   669 | D        | Reached skill level 5 in Short Blades
   669 | D        | Reached skill level 19 in Stealth
   669 | D        | Reached XP level 8. HP: 43/43 MP: 7/9
   716 | D        | Noticed an oklob plant
   719 | D        | Killed an oklob plant
   720 | D        | Reached skill level 20 in Stealth
   720 | D        | Reached skill level 1 in Shields
   733 | D        | Noticed a burning bush
   736 | D        | Killed a burning bush
   737 | D        | Reached skill level 10 in Evocations
   796 | D        | Noticed a burning bush
   796 | D        | Noticed an oklob plant
   797 | D        | Noticed a wandering mushroom
   798 | D        | Killed a burning bush
   799 | D        | Reached XP level 9. HP: 48/48 MP: 7/10
   803 | D        | Killed an oklob plant
   804 | D        | Reached skill level 21 in Stealth
   807 | D        | Killed a wandering mushroom
   812 | D        | Identified the +0 crystal plate armour "Liavagakh" {Str+2
                  | Dex+5}
   879 | D        | Noticed a spriggan druid
   881 | D        | Killed a spriggan druid
   882 | D        | Reached skill level 10 in Dodging
   882 | D        | Reached skill level 22 in Stealth
   945 | D        | Noticed an oklob plant conjurer
   946 | D        | Killed an oklob plant conjurer
   975 | D        | Noticed an oklob plant
   975 | D        | Noticed an oklob plant summoner
   976 | D        | Noticed an oklob plant shifter
   980 | D        | Killed an oklob plant
   981 | D        | Reached XP level 10. HP: 26/53 MP: 11/11
   986 | D        | HP: 1/53 [acid (14)]
   989 | D        | Killed from afar by an oklob plant shifter

Illustrated notes

Levels and vault maps discovered:
D:        dungeon_sprint_fedhas [sprint_temple]

Skill      XL: |  1  2  3  4  5  6  7  8  9 |
---------------+----------------------------+-----
Dodging        | 2 3 4 5 7 8 9 10 | 10.2
Stealth        | 7 9 12 13 15 17 19 20 22 | 22.8
Fighting       | 2 3 4 5 6 |  6.7
Throwing       | 3 4 |  4.6
Short Blades   | 3 4 5 6 |  6.0
Evocations     | 2 3 6 8 10 12 | 12.5
Shields        | 2 3 |  3.3

Action                   |  1- 3 |  4- 6 |  7- 9 | 10-12 || total
-------------------------+-------+-------+-------+-------++-------
Melee: Dagger            |     4 |    19 |    16 |     4 ||    43
Throw: Dart              |     7 |       |     2 |       ||     9
 Abil: Evoke Invisibilit |       |     4 |     5 |     1 ||    10
Evoke: Lightning rod     |       |       |     3 |       ||     3
  Use: Scroll            |       |       |     1 |       ||     1
 Stab: Sleeping          |     2 |     5 |    16 |       ||    23
       Invisible         |       |     4 |       |       ||     4
Dodge: Dodged            |     1 |     8 |     1 |     1 ||    11
Block: Buckler           |       |     2 |       |       ||     2
